Map: Central Protocol

Players

LiquidBunny (Bunny)

  • Race: Terran Terran
  • League: Grandmaster

Lilbow - Winner!

  • Race: Protoss Protoss

Event: DreamHack ROCCAT LotV Championship

VOD

Have the link to the VOD?

Description

Time

  • Played on: Nov. 26, 2015, 2:23 p.m.
  • Length: 12:20

All games in this series

Show
View Real Time Build Order
Export as new Build Order

LiquidBunny Terran 

Build Orders: Command Center First (CC), MMM Bio 

Get SALT Encoding   

  12  0:00  SCV  
  13  0:13  SCV  
  14  0:17  Supply Depot  
  14  0:25  SCV  
  15  0:39  SCV  
  16  0:51  SCV  
  17  1:00  Command Center  
  17  1:03  SCV  
  18  1:12  Barracks  
  18  1:16  SCV  
  19  1:28  SCV  
  19  1:30  Barracks  
  20  1:40  SCV  
  20  1:43  Barracks  
  21  1:52  SCV  
  21  1:53  Refinery  
  22  2:01  Marine  
  22  2:05  Orbital Command  
  20  2:15  Orbital Command  
  23  2:18  Marine  
  23  2:22  Marine  
  25  2:30  Bunker  
  25  2:31  SCV  
  25  2:34  Marine  
  27  2:37  Barracks Tech Lab  
  27  2:40  Marine  
  27  2:43  SCV  
  29  2:45  SCV  
  30  2:51  Refinery  
  30  2:52  Marine  
  30  2:55  SCV  
  30  2:58  Supply Depot  
  32  2:59  SCV  
  32  3:00  Marine  
  34  3:06  Stimpack  
  33  3:14  Marauder  
  33  3:16  SCV  
  33  3:17  Supply Depot  
  33  3:18  Marine  
  33  3:19  Marine  
  38  3:29  Bunker  
  38  3:35  Marauder  
  38  3:36  Marine  
  38  3:37  Marine  
  38  3:38  Bunker  
  42  3:43  Bunker  
  42  3:49  SCV, Factory  
  42  3:51  SCV  
  44  3:57  Marauder  
  44  3:58  Marine  
  44  4:00  Marine  
  48  4:04  SCV  
  49  4:13  Supply Depot  
  49  4:16  Marine  
  50  4:17  Marine  
  50  4:18  Marauder  
  50  4:22  Supply Depot  
  52  4:33  Marine  
  50  4:40  Marauder  
  50  4:42  Factory Tech Lab  
  52  4:46  Bunker  
  52  4:50  Starport  
  52  4:51  Marine  
  48  5:01  Marauder  
  48  5:02  Marine  
  42  5:09  Siege Tank, Marine  
  46  5:20  Combat Shields, Marine  
  47  5:22  Marauder  
  47  5:26  SCV  
  50  5:31  Medivac  
  50  5:35  Marine  
  52  5:38  Marine  
  53  5:44  Marauder  
  54  5:52  Marine  
  55  6:02  SCV, Siege Tank, Marine  
  60  6:04  Supply Depot  
  60  6:05  Marauder  
  62  6:16  Marine  
  63  6:25  Marine  
  63  6:26  Marauder, Medivac  
  68  6:39  Concussive Shells  
  68  6:41  Marine  
  68  6:48  Marauder  
  70  7:00  Supply Depot, Marine  
  71  7:07  Medivac  
  71  7:13  Supply Depot  
  71  7:21  Marine  
  71  7:22  Marauder  
  74  7:24  Marine  
  74  7:25  Supply Depot  
  74  7:39  Engineering Bay  
  74  7:43  Marauder  
  69  7:53  Marine  
  70  8:05  Marauder  
  71  8:07  Missile Turret  
  67  8:14  SCV  
  67  8:17  Marine  
  68  8:26  Marauder  
  47  9:11  Orbital Command  
  29  10:00  Orbital Command  
  29  10:21  Orbital Command  
  24  10:47  Orbital Command  
  24  11:17  Missile Turret  
  22  11:35  SCV  
  23  11:45  Marauder  
  25  11:52  Marine  
Show
View Real Time Build Order
Export as new Build Order

Lilbow Protoss - Winner!

Build Orders: Blink Stalkers 

Get SALT Encoding   

  12  0:00  Probe (Chrono Boost)  
  13  0:11  Probe (Chrono Boost)  
  14  0:17  Pylon  
  14  0:22  Probe (Chrono Boost)  
  15  0:35  Probe (Chrono Boost)  
  16  0:36  Gateway  
  16  0:41  Assimilator  
  16  0:45  Probe (Chrono Boost)  
  17  0:56  Probe (Chrono Boost)  
  18  0:57  Assimilator  
  18  1:07  Probe (Chrono Boost)  
  19  1:17  Probe (Chrono Boost)  
  20  1:22  Cybernetics Core  
  20  1:28  Probe (Chrono Boost)  
  21  1:35  Pylon  
  21  1:38  Probe (Chrono Boost)  
  22  1:49  Probe (Chrono Boost)  
  23  1:59  Stalker (Chrono Boost), Warp Gate (Chrono Boost)  
  25  2:01  Twilight Council  
  25  2:25  Stalker (Chrono Boost)  
  27  2:31  Pylon  
  27  2:38  Gateway, Blink (Chrono Boost)  
  27  2:39  Gateway  
  27  2:51  Gateway  
  27  2:56  Stalker  
  29  3:21  Pylon  
  29  3:51  Stalker x2  
  29  3:52  Stalker x2  
  37  4:14  Stalker  
  37  4:15  Stalker x3  
  45  4:23  Pylon  
  43  4:40  Stalker x2  
  43  4:44  Stalker  
  49  4:46  Stalker  
  42  5:08  Stalker x2  
  42  5:12  Stalker  
  48  5:20  Stalker  
  50  5:32  Stalker  
  52  5:48  Probe  
  53  6:00  Probe  
  53  6:02  Nexus  
  54  6:10  Dark Shrine  
  54  6:17  Pylon  
  53  6:25  Probe  
  53  6:36  Zealot  
  53  6:38  Mothership Core (Chrono Boost)  
  57  6:48  Pylon  
  57  6:51  Pylon  
  57  6:58  Pylon  
  55  7:20  Pylon  
  55  7:24  Dark Templar  
  55  7:25  Dark Templar x2  
  46  7:54  Dark Templar  
  46  7:57  Zealot  
  45  8:08  Probe  
  46  8:19  Assimilator  
  46  8:20  Probe  
  46  8:22  Assimilator  
  46  8:23  Dark Templar  
  49  8:32  Probe  
  50  8:35  Zealot  
  44  8:44  Probe  
  33  9:41  Nexus  
  33  9:42  Pylon  
  33  9:44  Pylon x2  
  33  10:19  Zealot x2  
  33  11:05  Zealot  
  33  11:07  Pylon  
  35  11:18  Stalker  
  37  11:28  Stalker  
  39  11:33  Pylon  
  39  11:41  Stalker  
  41  11:52  Stalker  
  37  12:11  Stalker x2  

Tags
 
Add a new tag
Caveats
  • Supply blocks, unpowered buildings, or Contaminate may cause inaccurate times.
  • Supply counts are checked every 10 seconds.